AoeStats
← Aldo

Arabia

509785435Analyzed
2v2 RM · 4d ago on Sep 28, 2026· 49m 22s· 4 players
Game mode
Random Map
Map size
Medium (4 player)
Population
200
Speed
Normal
Resources
Standard
Victory
Conquest
Starting age
Dark Age
Ending age
Imperial Age
RankedLock teamsTeams togetherTeam positionsShared explorationLock speedFull tech treeHidden civsTurbo modeCheats
Victory
Defeat
🇵🇪 Jurchens · Peru
954
+15
🇧🇬 Chinese · Bulgaria
886
+18
🇲🇽 Bulgarians · Mexico
962
-17
🇲🇽 Teutons · Mexico
909
-16
fdiazlev
10:44 Feudal Age
11:15 Double-Bit Axe
13:13 Wheelbarrow
17:48 Man-at-Arms
25:09 Castle Age
25:29 Pikeman
27:04 Squires
28:07 Forging
27:59 Scale Mail Armor
28:46 Long Swordsman
31:19 Bow Saw
31:13 Gambesons
35:05 Bloodlines
35:35 Iron Casting
35:16 Chain Mail Armor
38:19 Town Watch
38:50 Hand Cart
38:21 Loom
38:02 Elite Skirmisher
39:11 Scale Barding Armor
40:04 Fletching
41:37 Town Patrol
48:27 Imperial Age
46:20 Bodkin Arrow
46:46 Chain Barding Armor
Aldo
11:34 Feudal Age
11:56 Loom
13:19 Forging
13:09 Scale Mail Armor
17:58 Castle Age
16:36 Bloodlines
16:35 Scale Barding Armor
17:59 Fletching
36:07 Double-Bit Axe
37:15 Stone Mining
38:43 Gold Mining
40:04 Wheelbarrow
44:15 Imperial Age
42:08 Bodkin Arrow
44:51 Chain Barding Armor
nordland11
0:28 Loom
12:12 Feudal Age
20:00 Castle Age
18:34 Double-Bit Axe
19:05 Horse Collar
35:27 Pikeman
38:27 Bow Saw
38:34 Squires
41:57 Imperial Age
41:12 Wheelbarrow
43:08 Conscription
42:23 Halberdier
43:34 Hand Cart
44:26 Elite Chu Ko Nu
45:20 Padded Archer Armor
45:11 Fletching
47:01 Scale Mail Armor
47:12 Forging
48:16 Leather Archer Armor
47:58 Bodkin Arrow
47:52 Town Watch
49:24 Bracer
50:01 Iron Casting
49:59 Ring Archer Armor
50:03 Chain Mail Armor
Darkvasco89
6:20 Loom
8:49 Feudal Age
9:49 Double-Bit Axe
12:08 Forging
20:57 Castle Age
19:13 Horse Collar
25:52 Iron Casting
26:10 Squires
25:56 Gambesons
27:17 Scale Mail Armor
27:16 Arson
28:39 Chain Mail Armor
37:26 Padded Archer Armor
40:20 Wheelbarrow
43:08 Heavy Plow
43:50 Fletching
48:06 Imperial Age
48:01 Scale Barding Armor
48:09 Bloodlines
48:01 Husbandry
49:14 Conscription
Connection lost

Rejoining the realm…

Still unreachable

The connection could not be restored.

Session expired

The server has moved on; the page needs a fresh start.